Map: Ruins of Endion

Players

Miszu

  • Race: Protoss Protoss
  • League: Master

IIIIIIIIIIII - Winner!

  • Race: Terran Terran
  • League: Master

VOD

Have the link to the VOD?

Description

Time

  • Played on: June 28, 2016, 12:50 p.m.
  • Length: 8:19
Show
View Real Time Build Order
Export as new Build Order

Miszu Protoss 

Build Orders: 1 Gate Expand, Blink Stalkers 

Get SALT Encoding   

  12  0:00  Probe (Chrono Boost)  
  13  0:11  Probe (Chrono Boost)  
  14  0:17  Pylon  
  14  0:22  Probe (Chrono Boost)  
  15  0:36  Probe (Chrono Boost)  
  15  0:38  Gateway  
  16  0:46  Probe (Chrono Boost)  
  16  0:48  Assimilator  
  17  1:15  Nexus  
  17  1:20  Probe (Chrono Boost)  
  18  1:29  Cybernetics Core  
  18  1:32  Probe (Chrono Boost)  
  19  1:37  Assimilator  
  19  1:43  Probe (Chrono Boost)  
  20  1:51  Pylon  
  20  1:53  Probe (Chrono Boost)  
  21  2:03  Probe (Chrono Boost)  
  21  2:06  Stalker  
  22  2:14  Warp Gate (Chrono Boost)  
  24  2:19  Mothership Core  
  25  2:37  Probe  
  25  2:40  Probe  
  26  2:46  Stalker  
  26  2:48  Probe (Chrono Boost)  
  29  2:52  Probe (Chrono Boost)  
  30  3:00  Probe (Chrono Boost)  
  30  3:04  Probe (Chrono Boost)  
  32  3:10  Probe (Chrono Boost)  
  33  3:14  Probe (Chrono Boost)  
  33  3:15  Twilight Council  
  33  3:16  Stalker  
  36  3:21  Probe (Chrono Boost)  
  36  3:23  Pylon  
  36  3:25  Probe (Chrono Boost)  
  38  3:32  Probe (Chrono Boost)  
  39  3:35  Probe (Chrono Boost)  
  40  3:43  Robotics Facility  
  40  3:46  Pylon  
  41  3:48  Probe x2 (Chrono Boost)  
  42  3:56  Blink (Chrono Boost)  
  40  4:03  Probe x2 (Chrono Boost)  
  42  4:13  Probe  
  42  4:14  Probe  
  44  4:19  Gateway x2  
  44  4:24  Probe  
  44  4:26  Probe  
  44  4:30  Observer (Chrono Boost)  
  47  4:37  Probe  
  48  4:38  Probe  
  48  4:39  Assimilator x2  
  49  4:49  Observer (Chrono Boost), Probe  
  49  4:50  Probe  
  52  4:55  Nexus  
  52  5:01  Pylon, Probe  
  52  5:03  Probe  
  54  5:12  Observer (Chrono Boost)  
  54  5:13  Probe  
  56  5:19  Stalker x3  
  56  5:21  Probe  
  63  5:25  Probe  
  64  5:30  Observer (Chrono Boost)  
  64  5:33  Probe  
  66  5:37  Probe  
  67  5:43  Stalker  
  67  5:46  Probe  
  67  5:49  Pylon  
  70  5:53  Pylon  
  70  5:57  Forge  
  70  5:59  Forge  
  70  6:04  Pylon  
  70  6:08  Immortal (Chrono Boost)  
  71  6:28  Cybernetics Core  
  71  6:30  Probe  
  71  6:32  Pylon  
  72  6:34  Pylon  
  72  6:41  Zealot x3  
  72  6:44  Immortal (Chrono Boost)  
  82  6:47  Gateway  
  82  6:50  Gateway x2  
  74  7:12  Zealot x3  
  80  7:29  Pylon  
  75  7:31  Pylon x2  
  71  7:38  Zealot  
  71  7:39  Zealot  
  65  7:53  Probe x2  
  67  7:59  Stalker x2  
  67  8:05  Probe x2  
  73  8:13  Stalker x3  
  73  8:17  Templar Archives  
Show
View Real Time Build Order
Export as new Build Order

IIIIIIIIIIII Terran - Winner!

Build Orders: Reaper Expand, MMM Bio 

Get SALT Encoding   

  12  0:02  SCV  
  13  0:14  SCV  
  14  0:18  Supply Depot  
  14  0:26  SCV  
  15  0:39  SCV  
  15  0:41  Barracks  
  16  0:46  Refinery  
  16  0:51  SCV  
  17  1:04  SCV  
  18  1:18  SCV  
  19  1:29  Reaper  
  19  1:30  Orbital Command  
  20  1:45  Command Center  
  20  1:53  Supply Depot  
  20  1:57  SCV  
  21  2:03  Marine  
  22  2:09  SCV  
  22  2:14  Factory  
  23  2:21  SCV  
  24  2:24  Barracks Reactor  
  24  2:36  SCV  
  25  2:47  Refinery  
  25  2:49  SCV  
  25  2:51  Barracks x2  
  26  2:57  Orbital Command  
  26  3:01  SCV  
  27  3:09  Hellion, Barracks Tech Lab  
  27  3:12  Hellion  
  31  3:13  SCV  
  32  3:23  SCV  
  32  3:25  SCV  
  34  3:28  Marine, Stimpack  
  35  3:35  SCV  
  35  3:38  SCV  
  35  3:39  Barracks Tech Lab  
  37  3:46  Widow Mine  
  37  3:47  SCV  
  40  3:48  Marine, Refinery  
  40  3:51  Marine  
  40  3:52  Marine, SCV  
  40  4:03  Combat Shields  
  40  4:04  Marauder  
  40  4:05  SCV  
  40  4:06  Marine  
  40  4:08  Starport  
  44  4:10  SCV  
  44  4:12  Supply Depot  
  45  4:18  SCV  
  46  4:24  Factory Reactor  
  46  4:30  Supply Depot  
  46  4:33  Marine x4  
  46  4:34  SCV  
  46  4:36  Engineering Bay, SCV  
  52  4:39  Supply Depot  
  52  4:46  SCV  
  52  4:48  SCV  
  52  4:52  Marine x2, Marauder  
  58  4:58  SCV  
  58  4:59  Supply Depot, Marauder  
  61  5:00  SCV  
  62  5:08  Supply Depot  
  62  5:09  Medivac  
  62  5:10  SCV  
  62  5:11  Medivac  
  67  5:14  Terran Infantry Weapons Level 1  
  67  5:16  SCV  
  67  5:17  Marine  
  67  5:21  Marine x3  
  71  5:23  SCV  
  71  5:27  Supply Depot  
  73  5:29  Concussive Shells  
  73  5:31  Factory Reactor  
  73  5:33  SCV  
  74  5:36  Marine, Refinery  
  74  5:37  Supply Depot  
  74  5:38  Marine  
  74  5:40  Medivac  
  74  5:42  Medivac  
  80  5:50  Marauder x2  
  84  6:00  Barracks  
  84  6:02  Barracks  
  84  6:05  Marine  
  84  6:06  Marine  
  84  6:08  Liberator  
  84  6:09  Liberator  
  84  6:11  Widow Mine x2  
  86  6:12  Marauder  
  90  6:24  Marauder  
  92  6:31  Marine x2  
  100  6:33  Marauder  
  100  6:35  Supply Depot  
  102  6:50  Barracks Tech Lab  
  102  6:56  Marine x2, Marauder x2  
  102  6:58  Factory Reactor  
  106  7:06  Marine  
  103  7:09  Marine  
  103  7:10  Marauder  
  103  7:14  Medivac x2  
  103  7:15  Marine x2  
  110  7:29  Marauder  
  110  7:35  Supply Depot x2  
  110  7:36  Marine x2  
  110  7:38  Marauder x2  
  110  7:39  Command Center  
  110  7:42  Marine x2  
  110  7:43  Widow Mine  
  110  7:51  Marauder  
  106  7:55  Marine  
  106  7:56  Marine  
  105  7:59  Marine  
  105  8:00  Marine  
  115  8:07  Supply Depot  
Tags
 
Add a new tag
Caveats
  • Supply blocks, unpowered buildings, or Contaminate may cause inaccurate times.
  • Supply counts are checked every 10 seconds.